 Dungeon Crawl Stone Soup version 0.29.0-5-ge4962eb29e (webtiles) character file.

Game seed: 2297390190079999264

1929 ragingrage the Fighter (level 8, -8/129 HPs)
             Began as a Minotaur Wanderer on Aug 29, 2022.
             Mangled by Amaemon
             ... wielding a +1 demon whip of venom
              (10 damage)
             ... on level 8 of the Dungeon.
             The game lasted 00:09:06 (8992 turns).

ragingrage the Fighter (Minotaur Wanderer)          Turns: 8992, Time: 00:09:06

Health: -8/129     AC:  8    Str: 17    XL:     8   Next: 96%
Magic:  8/8        EV: 10    Int: 14    God:
Gold:   203        SH:  0    Dex:  7    Spells: 8/9 levels left

rFire   + . .      SeeInvis .   H - +1 whip (venom)
rCold   . . .      Faith    .   (no shield)
rNeg    + . .      Spirit   .   C - +1 ring mail {rF+}
rPois   +          Reflect  .   (helmet restricted)
rElec   .          Harm     .   w - +0 cloak
rCorr   .          Rampage  .   (no gloves)
Will    .....                   (no boots)
Stlth   ..........              (no amulet)
HPRegen 0.31/turn               p - ring of poison resistance
MPRegen 0.11/turn               g - ring of positive energy

@: berserking, very quick
A: horns 2, retaliatory headbutt
a: no special abilities


You were on level 8 of the Dungeon.
You visited 2 branches of the dungeon, and saw 9 of its levels.
You also visited: Ossuary.

You collected 470 gold pieces.
You spent 267 gold pieces at shops.

Inventory:

Hand Weapons
 b - the +5 sling "Disusok" {freeze, Int+6}
   (You bought it in a shop on level 4 of the Dungeon)

   Any ammunition fired from it freezes those it strikes, dealing additional
   cold damage.
   It can also slow down cold-blooded creatures.
   Int:       It affects your intelligence (+6).
 G - a +1 whip of flaming
 H - a +1 whip of venom (weapon)
 I - a +1 whip of electrocution
Missiles
 a - 2 silver boomerangs (quivered)
 u - 11 poisoned darts
Armour
 w - a +0 cloak (worn)
 C - a +1 ring mail of fire resistance (worn)
Jewellery
 g - a ring of positive energy (right hand)
 p - a ring of poison resistance (left hand)
Wands
 i - a wand of light (6)
 t - a wand of iceblast (8)
 E - a wand of polymorph (9)
 F - a wand of flame (14)
Scrolls
 c - a scroll of blinking
 d - 3 scrolls of vulnerability
 j - 3 scrolls of enchant armour
 k - 2 scrolls of amnesia {unknown}
 l - a scroll of acquirement {unknown}
 o - 2 scrolls of fear {unknown}
 r - a scroll of identify
 v - 2 scrolls of teleportation
 x - 2 scrolls of noise {unknown}
 y - a scroll of fog {unknown}
Potions
 e - 7 potions of heal wounds
 f - 2 potions of ambrosia
 h - 4 potions of mutation
 m - a potion of cancellation {unknown}
 n - a potion of berserk rage
 q - 6 potions of curing
 s - a potion of attraction {unknown}
 z - 2 potions of degeneration
 A - 2 potions of resistance {unknown}
 B - 2 potions of lignification
 D - a potion of brilliance {unknown}


   Skills:
 + Level 13.5 Fighting
 + Level 5.0 Armour
 + Level 1.6 Dodging
 - Level 1.0 Spellcasting
 - Level 2.1 Fire Magic
 + Level 0.8 Evocations


You had 8 spell levels left.
You knew the following spells:

 Your Spells              Type           Power      Damage    Failure   Level
a - Foxfire               Conj/Fire      12%        2x1d4     28%         1

Your spell library contained the following spells:

 Spells                   Type           Power      Damage    Failure   Level
 Ignite Poison            Fire/Tmut/Pois 2%         N/A       71%         3
 Dazzling Flash           Conj/Hex       0%         N/A       80%         3
 Stone Arrow              Conj/Erth      0%         3d7       80%         3
 Animate Armour           Summ/Erth      0%         N/A       99%         4
 Iskenderun's Mystic Bla  Conj/Tloc      0%         2d3       99%         4
 Starburst                Conj/Fire      1%         6d3       100%        6
 Lehudib's Crystal Spear  Conj/Erth      0%         10d2      100%        8


Dungeon Overview and Level Annotations

Branches:
Dungeon (8/15)             Temple (1/1) D:7         Ossuary (visited)
   Lair: D:8-11

Altars:
Cheibriados
Dithmenos
Elyvilon
Fedhas
Gozag
Hepliaklqana
Kikubaaqudgha
Nemelex Xobeh
Qazlal
Ru
Sif Muna
Uskayaw
Vehumet
Wu Jian
Yredelemnul
Zin
The Shining One

Shops:
D:4 (*[?!

Annotations:
D:3 1 runed translucent door, Crazy Yiuf
D:5 exclusion: downstairs
D:8 Amaemon


Innate Abilities, Weirdness & Mutations

You have a pair of horns on your head.
You reflexively headbutt those who attack you in melee.


Message History

Amaemon attacks as you move away!
Amaemon hits you with a +1 demon whip of venom!
You are more poisoned.
Amaemon claws you but does no damage.
Amaemon tail-slaps you but does no damage.
You feel very sick.
You feel very sick.
You feel better.
Amaemon hits you with a +1 demon whip of venom.
* * * LOW HITPOINT WARNING * * *
Amaemon claws you.
* * * LOW HITPOINT WARNING * * *
Amaemon tail-slaps you.
* * * LOW HITPOINT WARNING * * *
A red film seems to cover your vision as you go berserk!
You feel yourself moving faster!
You feel mighty!
Amaemon hits you with a +1 demon whip of venom!
* * * LOW HITPOINT WARNING * * *
Amaemon claws you.
* * * LOW HITPOINT WARNING * * *
Amaemon closely misses you.
You whack Amaemon!
Amaemon is poisoned.
Amaemon is heavily wounded.
Amaemon closely misses you. You furiously retaliate!
You headbutt Amaemon! Amaemon claws you.
* * * LOW HITPOINT WARNING * * *
Amaemon completely misses you.
You miss Amaemon. Your headbutt misses Amaemon.
Amaemon is heavily wounded.
Amaemon hits you with a +1 demon whip of venom!
* * * LOW HITPOINT WARNING * * *
Amaemon claws you.
* * * LOW HITPOINT WARNING * * *
Amaemon closely misses you.
You closely miss Amaemon.
Amaemon is severely wounded.
You barely miss Amaemon.
Amaemon is severely wounded.
Amaemon hits you with a +1 demon whip of venom!
You die...

#.# #.# #.# #.#
#####'###
#.......#
#.......#
#<......#########
+....>..'....@6.#
#.......#######4#
#####+### #.# #.#
#.# #.# #4# #.#
##+###### #.#


You could see Amaemon (very poisoned) and an orange demon.

Vanquished Creatures
  Prince Ribbit (D:5)
  Sigmund (D:3)
  A steam dragon (D:8)
  Menkaure (D:5)
  An ogre (D:4)
  A phantom (D:4)
  An elf zombie (Ossuary)
  A necrophage (D:7)
  4 scorpions
  2 howler monkeys (D:7)
  A jelly (D:4)
  4 orc priests
  3 hounds
  A human zombie (Ossuary)
  4 iguanas
  3 orc wizards
  2 mummies (Ossuary)
  6 adders
  3 gnolls (D:8)
  A shadow imp (D:6)
  A white imp (D:5)
  An adder zombie (Ossuary)
  4 worms (D:2)
  23 orcs
  7 endoplasms
  17 giant cockroaches
  2 goblins (D:1)
  7 hobgoblins
  4 quokkas
  7 ball pythons
  6 bats
  3 frilled lizards
  3 goblin zombies (Ossuary)
  9 hobgoblin zombies (Ossuary)
  A jackal zombie (Ossuary)
  8 kobolds
  11 kobold zombies (Ossuary)
  8 orc zombies (Ossuary)
  3 rats (D:2)
  2 rat zombies (Ossuary)
169 creatures vanquished.

Vanquished Creatures (others)
  35 foxfires
  8 plants (D:3)
43 creatures vanquished.

Grand Total: 212 creatures vanquished

Notes
Turn   | Place    | Note
-------+----------+-------------------------------------------
     0 | D:1      | ragingrage the Minotaur Wanderer began the quest for the
                  | Orb.
     0 | D:1      | ragingrage set off with the following items: a +0 club, a
                  | potion of curing, a scroll of blinking, a +2 scale mail;
                  | and the following spell memorised: Foxfire; and the
                  | following spells available to memorise: Ignite Poison.
     0 | D:1      | Reached XP level 1. HP: 16/16 MP: 1/1
   129 | D:1      | Reached skill level 2 in Fighting
   373 | D:1      | Reached XP level 2. HP: 25/25 MP: 2/2
  1123 | D:1      | Found a faded altar of an unknown god.
  1283 | D:2      | Reached skill level 3 in Fighting
  1469 | D:2      | Reached XP level 3. HP: 18/33 MP: 3/3
  1857 | D:2      | Reached skill level 4 in Fighting
  2099 | D:2      | You fall into a shaft and drop 1 floor!
  2180 | D:3      | Noticed Sigmund
  2193 | D:3      | Killed Sigmund
  2194 | D:3      | Reached skill level 7 in Fighting
  2194 | D:3      | Reached XP level 4. HP: 29/47 MP: 4/4
  2194 | D:3      | Reached XP level 5. HP: 32/52 MP: 5/5
  2724 | D:2      | Reached XP level 6. HP: 57/60 MP: 6/6
  2998 | D:3      | Found a runed translucent door.
  2999 | D:3      | Noticed Crazy Yiuf
  3190 | D:4      | Found Xecaodun's Magic Scroll Shoppe.
  3193 | D:4      | Bought a scroll of teleportation for 30 gold pieces
  3323 | D:4      | Reached skill level 8 in Fighting
  3543 | D:4      | Found a sand-covered staircase.
  3551 | Ossuary  | Entered an ossuary
  4201 | Ossuary  | Reached skill level 9 in Fighting
  4201 | Ossuary  | Reached XP level 7. HP: 43/70 MP: 7/7
  4461 | D:4      | Found Cerea's Antique Armour Emporium.
  4472 | D:4      | Found Qoqe's Assorted Antiques.
  4486 | D:4      | Bought a bone sling for 201 gold pieces
  4486 | D:4      | Identified the +5 sling "Disusok" {freeze, Int+6} (You
                  | bought it in a shop on level 4 of the Dungeon)
  4638 | D:4      | Found Caodd's Distillery.
  4641 | D:4      | Bought a potion of lignification for 36 gold pieces
  4821 | D:4      | Found Onoipp Ocofa's Weapon Boutique.
  4950 | D:5      | Entered Level 5 of the Dungeon
  5109 | D:5      | Reached skill level 10 in Fighting
  5183 | D:5      | Noticed Prince Ribbit
  5197 | D:5      | Killed Prince Ribbit
  5210 | D:5      | Reached skill level 11 in Fighting
  5527 | D:5      | Reached XP level 8. HP: 82/82 MP: 8/8
  5533 | D:5      | Found a white marble altar of Elyvilon.
  5782 | D:5      | Noticed Menkaure
  5791 | D:5      | Killed Menkaure
  6187 | D:5      | Found a basalt altar of Yredelemnul.
  6187 | D:5      | Found an opulent altar of Gozag.
  6187 | D:5      | Found a hide-covered altar of Uskayaw.
  6442 | D:6      | Reached skill level 12 in Fighting
  7789 | D:7      | Reached skill level 13 in Fighting
  7793 | D:7      | Found a staircase to the Ecumenical Temple.
  7804 | Temple   | Entered the Ecumenical Temple
  8911 | D:8      | Noticed an orange demon
  8942 | D:8      | Reached skill level 5 in Armour
  8964 | D:8      | Noticed Amaemon
  8990 | D:8      | HP: 5/129 [Amaemon/+1 demon whip of venom (9)]
  8990 | D:8      | HP: 2/129 [Amaemon/+1 demon whip of venom (3)]
  8992 | D:8      | Mangled by Amaemon

Illustrated notes

Levels and vault maps discovered:
D:1:      erik_arrival_blinker_ship, layout_basic,
          shapermc_ecumenical_altar_mp_vishouse, serial_co_window_serial,
          co_window_corner_a, co_window_paths_a, co_window_paths_a,
          co_window_corner_a, co_window_corner_a, co_window_paths_b,
          co_window_paths_c, co_window_paths_c, co_window_corner_cb,
          glass_columns_b, glass_columns_a, glass_columns_c, glass_columns_a,
          glass_columns_b
D:2:      minmay_roachtagon, layout_loops_ring, palyth_stone_intersect,
          kennysheep_nub
D:3:      layout_basic, serial_bayou_ford_a, uniq_crazy_yiuf_cottage,
          uniq_sigmund
D:4:      layout_basic, chequers_ossuary_entry_cave, serial_shops, shop,
          nicolae_stop_n_shop_1, nicolae_shop_behind_doors,
          nicolae_lakefront_shop, shop
D:5:      layout_basic, gammafunk_temple_overflow_claw,
          nicolae_elyvilon_peaceful_grove, uniq_menkaure, uniq_prince_ribbit1
D:6:      layout_basic, nicolae_kite_square_tiling_tiny, corexii_hall_statues_s
D:7:      layout_layer_cave, minmay_temple_entry_slanted
D:8:      layout_basic, makhleb_altar_promises_db, enter_bailey_5, serial_shops,
          shop, uniq_amaemon
Temple:   cyrus_circular_temple

Skill      XL: |  1  2  3  4  5  6  7  8 |
---------------+-------------------------+-----
Fighting       | 2 3 7 9 11 13 | 13.5
Armour         | 5 |  5.0
Dodging        | |  1.6
Spellcasting   | |  1.0
Fire Magic     | |  2.1
Evocations     | |  0.8

Action                   |  1- 3 |  4- 6 |  7- 9 || total
-------------------------+-------+-------+-------++-------
Melee: Club              |    31 |       |       ||    31
       Headbutt          |    21 |    44 |    34 ||    99
       Quarterstaff      |    70 |       |       ||    70
       Dagger            |     9 |   228 |   132 ||   369
       Punch             |       |     3 |     1 ||     4
       Whip              |       |       |    18 ||    18
 Fire: Sling             |       |       |   100 ||   100
Throw: Boomerang         |       |       |     5 ||     5
 Cast: Foxfire           |    11 |    10 |     2 ||    23
Evoke: Wand              |     1 |       |     1 ||     2
  Use: Scroll            |       |       |     7 ||     7
       Potion            |       |       |     2 ||     2
 Stab: Invisible         |       |       |     1 ||     1
Armor: Scale mail        |    48 |   111 |    32 ||   191
       Ring mail         |       |       |    44 ||    44
Dodge: Dodged            |    44 |    81 |    84 ||   209
